 Dungeon Crawl Stone Soup version 0.23.2-40-g277498a001 (webtiles) character file.

Game seed: 1340017034300192141

44 ANON1729 the Chopper (level 3, 0/33 HPs)
             Began as a Naga Gladiator on Oct 5, 2019.
             Killed from afar by an orc wizard (5 damage)
             ... with a puff of frost
             ... on level 4 of the Dungeon.
             The game lasted 00:01:14 (955 turns).

ANON1729 the Chopper (Naga Gladiator)                Turns: 955, Time: 00:01:15

Health: 0/33       AC:  4    Str: 22    XL:     3   Next: 60%
Magic:  3/3        EV: 10    Int:  8    God:
Gold:   26         SH:  0    Dex: 12    Spells: 2/2 levels left

rFire    . . .     SeeInvis +   a - +0 war axe
rCold    . . .     Gourm    .   (no shield)
rNeg     . . .     Faith    .   b - +0 leather armour
rPois    +         Spirit   .   m - +0 helmet
rElec    .         Reflect  .   (no cloak)
rCorr    .         Harm     .   n - +0 pair of gloves
MR       .....                  (no barding)
Stlth    +.........             (no amulet)
HPRegen  0.11/turn              (no ring)
MPRegen  0.08/turn              (no ring)

@: mighty, very slow
A: large, see invisible, deformed body, poison resistance, slowness 2, slow
metabolism 1, spit poison 1, AC +1
a: Spit Poison


You were on level 4 of the Dungeon.
You were not hungry.

You visited 1 branch of the dungeon, and saw 4 of its levels.

You collected 26 gold pieces.

Inventory:

Hand Weapons
 a - a +0 war axe (weapon)
Missiles
 d - 3 throwing nets (quivered)
Armour
 b - a +0 leather armour (worn)
 m - a +0 helmet (worn)
 n - a +0 pair of gloves (worn)
Scrolls
 g - a scroll of teleportation {unknown}
 h - 2 scrolls of amnesia {unknown}
 j - 3 scrolls of remove curse {unknown}
 l - a scroll of magic mapping {unknown}
Potions
 c - a potion of heal wounds {unknown}
 e - 3 potions of might
 i - a potion of curing {unknown}
 k - 2 potions of lignification {unknown}
Comestibles
 f - 6 rations


   Skills:
 + Level 2.5 Fighting
 + Level 3.3 Axes
 + Level 2.2 Throwing
 + Level 2.8 Dodging


You had 2 spell levels left.
You didn't know any spells.
Your spell library was empty.

Dungeon Overview and Level Annotations

Branches:
Dungeon (4/15)
 Temple: D:4-7

Altars:


Innate Abilities, Weirdness & Mutations

You cannot wear boots.
Your serpentine skin is tough. (AC +1)
You have supernaturally acute eyesight. (SInv)
Armour fits poorly on your strangely shaped body.
Your system is resistant to poisons. (rPois)
You cover ground very slowly.
You have a slow metabolism.
You can spit poison.


Message History

You hit the orc wizard but do no damage.
The orc wizard hits you with a cursed -1 dagger. x2
You hit the orc wizard.
The orc wizard is moderately wounded.
The orc wizard hits you but does no damage.
You barely miss the orc wizard.
The orc wizard is moderately wounded.
The orc wizard hits you with a cursed -1 dagger.
* * * LOW HITPOINT WARNING * * *
The orc wizard miscasts a cantrip.
You hit the orc wizard.
The orc wizard is heavily wounded.
The orc wizard hits you with a cursed -1 dagger.
* * * LOW HITPOINT WARNING * * *
The orc wizard hits you but does no damage.
It was a potion of might.
You feel very mighty all of a sudden.
The orc wizard points at you and mumbles some strange words.
The puff of frost hits you.
You die...

.... .?#..
.....#######.#.#
...........#...#
...........##..#
........).##(.#
#............#
#........##(.# .#
#........###.# ..#
#####.#### #@# ..#
#.# #o# ..#
##.######o#
..######......##o#
..............##..
..............###.
........(.....# .
..#######.##### .>
.#........######


You could see 2 orc wizards and an orc.

Vanquished Creatures
  2 adders
  A leopard gecko (D:2)
  2 orcs (D:4)
  A bat (D:1)
  2 goblins
  A hobgoblin (D:2)
  4 jackals (D:3)
  A quokka (D:2)
  2 frilled lizards
  2 kobolds (D:1)
  5 rats
23 creatures vanquished.

Notes
Turn   | Place    | Note
-------+----------+-------------------------------------------
     0 | D:1      | ANON1729 the Naga Gladiator began the quest for the Orb.
     0 | D:1      | Reached XP level 1. HP: 19/19 MP: 1/1
   184 | D:1      | Reached XP level 2. HP: 17/26 MP: 2/2
   207 | D:1      | You fall through a shaft!
   644 | D:3      | Reached XP level 3. HP: 17/33 MP: 3/3
   955 | D:4      | Killed from afar by an orc wizard

Skill      XL: |  1  2 |
---------------+-------+-----
Throwing       | 2 |  2.2
Fighting       | |  2.5
Axes           | |  3.3
Dodging        | |  2.8

Action                   || total
-------------------------++-------
Melee: War axe           ||    65
  Use: Potion            ||     1
Armor: Leather armour    ||    22
Dodge: Dodged            ||    50
